cohdb
Replays
Latest Replays
All Replays
Popular Replays
Top Player Replays
Match Explorer
How It Works
Community
CoH3 Stats
Reddit
Sign in to upload your games and track your stats! →
Sign in with Steam
Match 42680920
Unlisted
Match 42680920
Overview
Messages
Build Orders
End
Pioneer Squad
Construct Infanterie Kompanie
Selects Terror Battlegroup
Selects Machine Gun Camouflage
MG 42 Machine Gun Team
GrW 34 Mortar Team
Construct Luftwaffe Kompanie
Medical Station
Jäger Squad
Jäger Squad
Luftwaffe Officer Quarters
Selects Contempt for the Weak
Construct Panzergrenadier Kompanie
Jäger Squad
Panzergrenadier Squad
Construct Panzer Kompanie
Flak 30 Anti-aircraft Gun Team
Selects Propaganda Leaflet Drop
Selects No Quarter
Pioneer Squad
Sturmpanzer IV Brummbär
Panzer Officer Quarters
Selects V1 Rocket Strike
V1 Rocket Strike
V1 Rocket Strike
Stoßtruppen Squad
Jäger Squad
V1 Rocket Strike
MadChemist
Valar[M]orgHulis
Tetrapod
SexyLobster
Bugs
TEACHER701
abesin
Dash
0
0
Comments
sign in to comment!
No comments posted yet!